 Dungeon Crawl Stone Soup version 0.22-a0 (webtiles) character file.

21280 Lanoc the Martial Artist (level 12, -3/103 HPs)
             Began as a Black Draconian Transmuter on Dec 31, 2017.
             Was an Elder of Qazlal.
             Slain by an orc warrior
             ... wielding a +0 halberd
              (17 damage)
             ... on level 11 of the Dungeon.
             The game lasted 00:55:04 (13482 turns).

Lanoc the Martial Artist (DrTm)                    Turns: 13482, Time: 00:55:05

Health: -3/103     AC: 10    Str: 12    XL:     12   Next: 52%
Magic:  32/41      EV: 16    Int: 18    God:    Qazlal [****..]
Gold:   579        SH:  5    Dex: 13    Spells: 14/25 levels left

rFire    + . .     SeeInvis .     - Unarmed
rCold    + . .     Gourm    .   (shield currently unavailable)
rNeg     . . .     Faith    .   (armour unavailable)
rPois    .         Spirit   .   d - +2 hat
rElec    +         Reflect  .   K - scarf {rC+ rF+}
rCorr    .         Harm     .   (gloves currently unavailable)
MR       .....                  (no boots)
Stlth    +.........             (no amulet)
HPRegen  0.27/turn              J - ring of magical power
MPRegen  0.27/turn              Y - ring of magical power

@: blade hands, barbed spikes, very slightly contaminated, studying 2 skills,
repel missiles
A: breathe lightning, unfitting armour, electricity resistance, cold-blooded, AC
+8
a: Breathe Lightning, End Transformation, Upheaval, Elemental Force, Renounce
Religion


You were on level 11 of the Dungeon.
You worshipped Qazlal.
Qazlal was greatly pleased with you.
You were hungry.
You had blades for hands.
You visited 2 branches of the dungeon, and saw 13 of its levels.
You also visited: Sewer.

You collected 579 gold pieces.

Inventory:

Hand Weapons
 m - the +3 hunting sling of the Dark Horse {speed, rPois rN++ Str+3}
   (You took it off a kobold on level 4 of the Dungeon)

   Attacks with this weapon are significantly faster.
   It affects your strength (+3).
   It protects you from poison.
   It greatly protects you from negative energy.
Missiles
 a - 346 arrows
 x - 117 sling bullets
Armour
 d - a +2 hat (worn)
 K - a scarf of resistance (worn)
Magical Staves
 P - an uncursed staff of summoning
Jewellery
 e - an uncursed ring of poison resistance
 J - a ring of magical power (left scythe-like blade)
 S - an uncursed amulet of faith
 Y - a ring of magical power (right scythe-like blade)
Wands
 n - a wand of enslavement (14)
 p - a wand of iceblast (6)
 u - a wand of polymorph (15)
 E - a wand of random effects (40)
 I - a wand of flame (29)
 T - a wand of digging (10)
 Z - a wand of paralysis (15)
Scrolls
 h - 7 scrolls of teleportation
 k - 2 scrolls of amnesia
 q - 4 scrolls of summoning
 r - a scroll of blinking
 t - 5 scrolls of enchant weapon
 v - 3 scrolls of fear {unknown}
 w - 2 scrolls of enchant armour
 y - 2 scrolls of fog {unknown}
 D - 2 scrolls of immolation
 F - 2 scrolls of remove curse
 W - 3 scrolls of magic mapping
 X - 3 scrolls of identify
Potions
 f - 2 potions of brilliance
 g - a potion of berserk rage
 i - 2 potions of haste
 j - 2 potions of ambrosia
 l - 3 potions of mutation
 s - 2 potions of flight
 z - a potion of curing
 A - 2 potions of invisibility
 B - 2 potions of might
 C - a potion of agility
 G - 2 potions of cancellation
 U - 3 potions of magic {unknown}
 V - 2 potions of lignification {unknown}
Books
 b - a book of Changes

   Spells                             Type                      Level
   a - Beastly Appendage              Transmutation                1
   b - Sticks to Snakes               Transmutation                2
   c - Spider Form                    Transmutation/Poison         3
   d - Ice Form                       Ice/Transmutation            4
   e - Blade Hands                    Transmutation                5
 H - a book of Flames

   Spells                             Type                      Level
   a - Flame Tongue                   Conjuration/Fire             1
   b - Throw Flame                    Conjuration/Fire             2
   c - Conjure Flame                  Conjuration/Fire             3
   d - Inner Flame                    Hexes/Fire                   3
   e - Sticky Flame                   Conjuration/Fire             4
   f - Fireball                       Conjuration/Fire             5
 L - a manual of Unarmed Combat
 M - a book of Dreams

   Spells                             Type                      Level
   a - Ensorcelled Hibernation        Hexes/Ice                    2
   b - Borgnjor's Vile Clutch         Necromancy/Earth             5
   c - Silence                        Hexes/Air                    5
   d - Darkness                       Hexes                        6
   e - Shadow Creatures               Summoning                    6
 N - a manual of Long Blades
Miscellaneous
 Q - a sack of spiders
Comestibles
 c - 23 rations


   Skills:
 + Level 8.6 Fighting
 + Level 7.2 Dodging
 * Level 12.8 Unarmed Combat
 + Level 7.3 Spellcasting
 * Level 11.0 Transmutations
 + Level 6.0 Invocations


You had 14 spell levels left.
You knew the following spells:

 Your Spells              Type           Power        Failure   Level  Hunger
a - Beastly Appendage     Tmut           #####.       7%          1    None
b - Sticks to Snakes      Tmut           #####...     8%          2    None
c - Spider Form           Tmut/Pois      ####......   26%         3    #......
d - Blade Hands           Tmut           #####.....   26%         5    #####..


Dungeon Overview and Level Annotations

Branches:
Dungeon (12/15)            Temple (1/1) D:7            Lair (0/6) D:11
    Orc (0/2) D:10

Altars:
Ashenzari
Cheibriados
Dithmenos
Elyvilon
Fedhas
Gozag
Hepliaklqana
Kikubaaqudgha
Makhleb
Nemelex Xobeh
Okawaru
Qazlal
Ru
Sif Muna
Trog
Uskayaw
Vehumet
Wu Jian
Xom
Yredelemnul
Zin
The Shining One

Shops:
D:5 *   D:6 =   D:7 :   D:10 [   D:12 !

Portals:
Trove: D:12 (give 2 scrolls of acquirement)


Innate Abilities, Weirdness & Mutations

You can breathe wild blasts of lightning.
Your glossy black scales are hard. (AC +8)
You cannot fit into any form of body armour.
You are resistant to electric shocks. (rElec)
You are cold-blooded and may be slowed by cold attacks.


Message History

You barely miss the orc warrior. You tail-slap the orc warrior.
The orc warrior is heavily wounded.
You slash the orc warrior! x2
You kill the orc warrior!
Qazlal accepts your kill.
You slice the orc warrior!!
You kill the orc warrior!
Qazlal accepts your kill.
Your Invocations skill increases to level 6!
Your hands revert to their normal proportions.
Okay, then.
You feel better. The orc warrior misses you.
Casting: Blade Hands
Confirm with . or Enter, or press ? or * to list all spells.
Your hands turn into razor-sharp scythe blades.
The barbs in your skin will harm you if you move.
Continue?
The barbed spikes dig painfully into your body as you move.
* * * LOW HITPOINT WARNING * * *
The orc warrior hits you with a halberd!
You die...

#....# #. #.#
###..# #.##.##
#.####..#
#..#..## '
#.......#
#.....###...#
######.##
#.(.)oo.o.8.. #.#
#(#...###...# #.#
#.#..## ' #.#
#o#.## #.# ##@#.#
#.# #.)#.# #.#
#.##.# #.# #.##..
#.# ##..##### #.#
#.....).##
#.###.##.....##
#####
#D##..##.#......
#....
#.###...........#
#.###


You could see an orc warrior.

Vanquished Creatures
  Snorg (D:11)
  A centaur warrior (D:9)
  A hydra (D:11)
  5 two-headed ogres
  Urug (D:10)
  Pikel (D:5)
  A deep elf mage (D:12)
  The ghost of Regeox the Cudgeler, a novice DsGl of Ru (D:5)
  An ugly thing (D:12)
  A manticore (D:11)
  Maurice (D:11)
  Joseph (D:8)
  A kobold demonologist (D:11)
  A tengu conjurer (D:9)
  2 trolls (D:9)
  A meliai (shapeshifter) (D:9)
  Grinder (D:5)
  3 hippogriffs
  A meliai zombie (D:10)
  A spriggan (D:9)
  A wraith (D:10)
  12 yaks
  A vampire (D:12)
  A wyvern (D:10)
  Eustachio (D:6)
  A hungry ghost (D:11)
  2 soldier ants (D:12)
  Purgy (Sewer)
  Duvessa (D:5)
  2 water moccasins
  A porcupine (D:11)
  2 ice beasts
  5 sky beasts
  4 black bears
  A necrophage (D:8)
  2 phantoms
  10 orc warriors
  9 ogres
  8 centaurs
  3 crocodiles
  4 big kobolds
  9 bullfrogs
  A gnoll sergeant (D:9)
  Dowan (D:5)
  3 scorpions
  4 killer bees (D:12)
  A wight (D:9)
  4 electric eels (D:8)
  3 howler monkeys
  2 crimson imps
  A quasit (D:5)
  3 bullfrog zombies
  6 hounds
  4 orc priests
  3 iguanas
  2 jellies
  17 orc wizards
  7 bullfrog skeletons
  Ijyb (D:3)
  10 worker ants
  A hound zombie (D:6)
  A hound skeleton (D:8)
  A worker ant zombie (D:6)
  Robin (D:3)
  7 gnolls
  14 adders
  A river rat (D:3)
  5 shadow imps
  3 oozes
  2 adder skeletons
  2 worms (D:2)
  2 dart slugs (D:2)
  7 leopard geckos
  47 orcs
  2 ball pythons
  11 bats
  9 giant cockroaches
  12 goblins
  9 hobgoblins
  7 jackals
  6 quokkas
  2 frilled lizards
  A jackal skeleton (D:9)
  34 kobolds
  A leopard gecko skeleton (D:8)
  8 rats
377 creatures vanquished.

Vanquished Creatures (others)
  An unseen horror (D:11)
  A slave (D:5)
  A centaur (D:5)
  2 orcs (D:5)
  10 fungi (D:11)
  7 plants
22 creatures vanquished.

Grand Total: 399 creatures vanquished

Notes
Turn   | Place    | Note
-------+----------+-------------------------------------------
     0 | D:1      | Lanoc the Draconian Transmuter began the quest for the Orb.
     0 | D:1      | Reached XP level 1. HP: 16/16 MP: 3/3
   236 | D:1      | Reached XP level 2. HP: 16/23 MP: 3/5
   682 | D:1      | Reached XP level 3. HP: 20/28 MP: 6/6
   959 | D:1      | Learned a level 2 spell: Sticks to Snakes
  1252 | D:2      | Found a glowing golden altar of the Shining One.
  1252 | D:2      | Found a radiant altar of Vehumet.
  1512 | D:2      | Reached XP level 4. HP: 14/36 MP: 7/7
  1901 | D:2      | Learned a level 3 spell: Spider Form
  2369 | D:3      | Found a glowing drain.
  2373 | Sewer    | Entered a sewer
  2508 | Sewer    | Noticed Purgy
  2519 | Sewer    | Killed Purgy
  2519 | Sewer    | Reached skill level 4 in Unarmed Combat
  2519 | Sewer    | Reached XP level 5. HP: 38/42 MP: 2/9
  2678 | D:3      | Noticed Ijyb
  2689 | D:3      | Killed Ijyb
  2689 | D:3      | Reached XP level 6. HP: 47/50 MP: 7/10
  2915 | D:3      | Noticed Robin
  2931 | D:3      | Killed Robin
  3554 | D:4      | Reached skill level 5 in Unarmed Combat
  3554 | D:4      | Your scales start taking on a glossy black colour.
  3554 | D:4      | Reached XP level 7. HP: 57/57 MP: 7/11
  3554 | D:4      | Gained mutation: You are resistant to electric shocks. (rElec) [Black Draconian growth]
  4130 | D:4      | Reached skill level 5 in Transmutations
  4534 | D:4      | Got a jewelled hunting sling {speed}
  4536 | D:4      | Identified the cursed +3 hunting sling of the Dark Horse {speed, rPois rN++ Str+3} (You took it off a kobold on level 4 of the Dungeon)
  4584 | D:4      | Reached XP level 8. HP: 58/66 MP: 10/13
  4595 | D:4      | Learned a level 5 spell: Blade Hands
  4631 | D:5      | Entered Level 5 of the Dungeon
  4654 | D:5      | Noticed Pikel
  4667 | D:5      | Killed Pikel
  4667 | D:5      | Reached skill level 6 in Unarmed Combat
  4730 | D:5      | Noticed Regeox's ghost (novice DsGl)
  4943 | D:5      | Noticed Duvessa
  4945 | D:5      | Noticed Dowan
  4963 | D:5      | Killed Duvessa
  4971 | D:5      | Killed Dowan
  5211 | D:5      | Reached skill level 7 in Unarmed Combat
  5211 | D:5      | Reached XP level 9. HP: 60/73 MP: 11/15
  5284 | D:5      | Found a snail-covered altar of Cheibriados.
  5285 | D:5      | Found a basalt altar of Yredelemnul.
  5307 | D:5      | Killed Regeox's ghost
  5307 | D:5      | Reached skill level 5 in Fighting
  5465 | D:5      | Noticed Grinder
  5468 | D:5      | Found Ocvazop's General Store.
  5473 | D:5      | Killed Grinder
  6105 | D:6      | Reached skill level 8 in Unarmed Combat
  6105 | D:6      | Reached skill level 5 in Spellcasting
  6171 | D:6      | Reached skill level 5 in Dodging
  6183 | D:6      | Found a shattered altar of Ashenzari.
  6238 | D:6      | Found Faxevupn's Jewellery Shop.
  6301 | D:6      | Noticed Eustachio
  6328 | D:6      | Killed Eustachio
  6491 | D:7      | Found a staircase to the Ecumenical Temple.
  6505 | Temple   | Entered the Ecumenical Temple
  6633 | Temple   | Became a worshipper of Qazlal Stormbringer
  6903 | D:7      | Found Hiokk's Book Shoppe.
  6930 | D:7      | Found an ornate altar of the Wu Jian Council.
  7234 | D:7      | Reached XP level 10. HP: 83/83 MP: 14/17
  7464 | D:8      | Reached skill level 1 in Invocations
  7483 | D:8      | Found a glowing golden altar of the Shining One.
  7617 | D:8      | Reached * piety under Qazlal
  8461 | D:8      | Noticed Joseph
  8474 | D:8      | Killed Joseph
  9039 | D:8      | Reached skill level 9 in Unarmed Combat
  9162 | D:9      | Noticed a two-headed ogre
  9171 | D:9      | Killed a two-headed ogre
  9390 | D:9      | Reached ** piety under Qazlal
  9523 | D:9      | Noticed a centaur warrior
  9542 | D:9      | Killed a centaur warrior
  9542 | D:9      | Reached XP level 11. HP: 22/92 MP: 17/20
  9887 | D:9      | Got a translucent glaive
  9890 | D:9      | Identified the cursed +3 glaive of Poverty {venom, rF++} (You found it on level 9 of the Dungeon)
  9980 | D:9      | Noticed a two-headed ogre
  9983 | D:9      | Killed a two-headed ogre
  9983 | D:9      | Reached skill level 10 in Unarmed Combat
 10431 | D:10     | Entered Level 10 of the Dungeon
 10463 | D:10     | Found Adghausch's Armour Shoppe.
 10586 | D:10     | Found a staircase to the Orcish Mines.
 10754 | D:10     | Noticed a two-headed ogre
 10757 | D:10     | Killed a two-headed ogre
 10757 | D:10     | Reached *** piety under Qazlal
 10795 | D:10     | Noticed a two-headed ogre
 10805 | D:10     | Killed a two-headed ogre
 10805 | D:10     | Reached skill level 11 in Unarmed Combat
 10805 | D:10     | Reached skill level 10 in Transmutations
 10812 | D:10     | Noticed Urug
 10819 | D:10     | Killed Urug
 11369 | D:11     | Found a staircase to the Lair.
 11392 | D:11     | Reached skill level 5 in Invocations
 11432 | D:11     | Reached XP level 12. HP: 25/101 MP: 22/22
 11669 | D:11     | Noticed Maurice
 11676 | D:11     | Killed Maurice
 11681 | D:11     | Noticed Snorg
 11807 | D:11     | Killed Snorg
 12133 | D:11     | Reached skill level 12 in Unarmed Combat
 12278 | D:11     | Noticed an eight-headed hydra
 12395 | D:12     | Noticed a two-headed ogre
 12398 | D:12     | Killed a two-headed ogre
 12398 | D:12     | Reached **** piety under Qazlal
 12647 | D:12     | Found Noemavom's Distillery.
 13010 | D:12     | Found a portal to a secret trove of treasure.
 13388 | D:11     | Killed an eight-headed hydra
 13482 | D:11     | Slain by an orc warrior

Vault maps used:
D:1:      lightli_arrival_statue_moat, serial_park_tiny_2
D:2:      grunt_temple_overflow_open, minmay_pentomino_w2
D:3:      gup_sewer_entry_spiral, uniq_ijyb, uniq_robin
D:4:      first_ration, minmay_goblin_kobold_house
D:5:      gammafunk_temple_overflow_wave, serial_shops, nicolae_shop_trees,
          grunt_tough_drop, uniq_grinder, uniq_duvessa, uniq_pikel
D:6:      nicolae_overflow_hidden_temple, serial_shops, kennysheep_mini_moat,
          supply_closet_lemuel, uniq_eustachio
D:7:      minmay_temple_entry_junction, basic_altar, serial_shops, shop
D:8:      serial_bayou, serial_bayou_pond_c, serial_bayou_pond_b,
          serial_bayou_pond_e, serial_bayou_lagoon_a, basic_altar, uniq_joseph
D:9:      the_bakery, minmay_the_grid_2x2
D:10:     orc_0_dummy, serial_shops, shop, uniq_urug
D:11:     cheibrodos_barr_body, due_lair_maze_entry_diamond,
          hangedman_abyss_or_decor_lesser_grid, uniq_maurice, uniq_snorg
D:12:     serial_shops, nicolae_shop_trees, enter_trove_3
Temple:   minmay_crystal_spiral_temple
Sewer:    kennysheep_door_sewer

Skill      XL: |  1  2  3  4  5  6  7  8  9 10 11 12 |
---------------+-------------------------------------+-----
Dodging        | 2 3 4 5 6 7 |  7.2
Transmutations | 3 4 5 6 7 9 10 11 | 11.0
Fighting       | 2 3 4 6 7 8 |  8.6
Unarmed Combat | 4 5 7 8 9 11 12 | 12.8
Spellcasting   | 3 4 5 6 7 |  7.3
Invocations    | 3 5 6 |  6.0

Action                   |  1- 3 |  4- 6 |  7- 9 | 10-12 || total
-------------------------+-------+-------+-------+-------++-------
Melee: Unarmed           |   146 |   206 |   353 |   488 ||  1193
       Headbutt          |    11 |     3 |       |       ||    14
       Tailslap          |    13 |     9 |     7 |    30 ||    59
       Kick              |     8 |     4 |       |       ||    12
       Punch             |     1 |     1 |     1 |    17 ||    20
 Cast: Beastly Appendage |    23 |    10 |       |       ||    33
       Spider Form       |       |    19 |    40 |     5 ||    64
       Blade Hands       |       |       |     6 |    62 ||    68
 Abil: Breathe Lightning |       |       |       |     1 ||     1
  Use: Scroll            |       |     3 |    17 |     5 ||    25
       Potion            |       |       |       |     5 ||     5
 Stab: Sleeping          |       |     1 |     1 |     1 ||     3
  Eat: Chunk             |     2 |    10 |    19 |    36 ||    67
       Ration            |       |       |       |     1 ||     1
Armor: Skin              |    42 |    44 |    22 |    93 ||   201
Dodge: Dodged            |    89 |   142 |   281 |   375 ||   887
       Deflected         |       |       |       |     8 ||     8
Block: Other             |       |       |       |    52 ||    52

Table legend:
 A = Spawn XP
 B = Non-spawn XP
 C = Spawn XP percentage of total XP
 D = Spawn monster count
 E = Non-spawn monster count
 F = Spawn count percentage of total count
 G = Total turns spent on level
                    A         B        C        D         E        F      G
               +---------+---------+-------+---------+---------+-------+---------
         Total |       0 |   30400 |   0.0 |       0 |     375 |   0.0 | 13482
               +---------+---------+-------+---------+---------+-------+---------
           D:1 |       0 |      46 |   0.0 |       0 |      25 |   0.0 |  1112
           D:2 |       0 |      89 |   0.0 |       0 |      27 |   0.0 |  1049
           D:3 |       0 |     160 |   0.0 |       0 |      32 |   0.0 |  1306
           D:4 |       0 |     986 |   0.0 |       0 |      36 |   0.0 |  1162
           D:5 |       0 |    2346 |   0.0 |       0 |      20 |   0.0 |   796
           D:6 |       0 |    1045 |   0.0 |       0 |      22 |   0.0 |   856
           D:7 |       0 |     781 |   0.0 |       0 |      21 |   0.0 |  1251
           D:8 |       0 |    2462 |   0.0 |       0 |      37 |   0.0 |  1247
           D:9 |       0 |    7308 |   0.0 |       0 |      54 |   0.0 |  1316
          D:10 |       0 |    4277 |   0.0 |       0 |      21 |   0.0 |  1355
          D:11 |       0 |    6491 |   0.0 |       0 |      37 |   0.0 |   642
          D:12 |       0 |    4253 |   0.0 |       0 |      37 |   0.0 |  1054
         Sewer |       0 |     156 |   0.0 |       0 |       6 |   0.0 |   164
               +---------+---------+-------+---------+---------+-------+---------
